 Dungeon Crawl Stone Soup version 0.27.1-34-g3ba077fa99 (webtiles) character file.

Game seed: 7358905090009492926

0 comborobin the Sneak (level 1, -2/19 HPs)
             Began as a Hill Orc Delver on Jan 6, 2022.
             Slain by a kobold (5 damage)
             ... on level 3 of the Dungeon.
             The game lasted 00:00:27 (83 turns).

comborobin the Sneak (Hill Orc Delver)                Turns: 83, Time: 00:00:28

Health: -2/19      AC:  3    Str: 14    XL:     1   Next: 10%
Magic:  1/1        EV: 11    Int: 10    God:
Gold:   0          SH:  0    Dex: 12    Spells: 0/0 levels left

rFire    . . .     SeeInvis .   a - +0 hand axe
rCold    . . .     Faith    .   (no shield)
rNeg     . . .     Spirit   .   b - +0 leather armour
rPois    .         Reflect  .   (no helmet)
rElec    .         Harm     .   (no cloak)
rCorr    .         Rampage  .   (no gloves)
Will     .....                  (no boots)
Stlth    ++........             (no amulet)
HPRegen  0.06/turn              (no ring)
MPRegen  0.07/turn              (no ring)

@: no status effects
A: no striking features
a: no special abilities


You were on level 3 of the Dungeon.
You visited 1 branch of the dungeon, and saw 3 of its levels.

Inventory:

Hand Weapons
 a - a +0 hand axe (weapon)
Armour
 b - a +0 leather armour (worn)
Wands
 g - a wand of digging (3)
Scrolls
 c - a scroll of fog
 e - a scroll of fear


   Skills:
 - Level 3.6 Fighting
 + Level 2.8 Axes
 - Level 1.5 Dodging
 - Level 4.1 Stealth


You couldn't memorise any spells.
You didn't know any spells.
Your spell library was empty.

Dungeon Overview and Level Annotations

Branches:
Dungeon (5/15)
 Temple: D:4-7

Altars:

Shops:
D:4 *


Message History

You climb upwards.
There is a stone staircase leading down here.
As you read the scroll of magic mapping, it crumbles to dust.
You feel aware of your surroundings.
You start resting.
Your extra speed is starting to run out.
You start resting.
You feel yourself slow down.
A frilled lizard comes into view.
A frilled lizard is nearby!
There is a stone staircase leading down here.
You are too injured to fight recklessly!
What are your orders? t - Shout!
Orders for allies: a - Attack new target. r - Retreat! s - Stop attacking. g - Guard the area. f - Follow me.
Anything else - Cancel.
You shout for attention!
The frilled lizard hisses angrily.
A kobold comes into view. It is wielding a +0 short sword.
The kobold throws a stone.
The stone hits you but does no damage.
The kobold throws a stone.
The stone hits you but does no damage. The frilled lizard barely misses you.
The frilled lizard hisses.
You are too injured to fight recklessly!
You closely miss the frilled lizard. The frilled lizard barely misses you.
You are too injured to fight recklessly!
You miss the frilled lizard. The frilled lizard bites you.
* * * LOW HITPOINT WARNING * * *
You are too injured to fight recklessly!
You barely miss the frilled lizard. The frilled lizard bites you.
* * * LOW HITPOINT WARNING * * *
The frilled lizard misses you.
You are too injured to fight recklessly!
You hit the frilled lizard.
You kill the frilled lizard!
You are too injured to fight recklessly!
You closely miss the kobold. The kobold closely misses you.
The kobold hits you with a +0 short sword.
You die...

******#.*#.# *,....,,* *,*
*,..,,#.##.###.K...,****,*
*,#.#.#............***,,,,
*,.........>...#*,** *,*,*
**,#.#.###.####.#*** *,*,*
*,,.,,,* #.# *,* *,*,*
*,,,,,** #.# *,* *,*,*
*,***** #K# *,**** *,*,,
*,* #@# *,,,,* *,*** *,*
#.# *,**,* *,* * *,*
#.#***,**,* *,* * *,*
#.#,,,,,,,* *,* * *,*
#.#,*****,****,* * *,*
#..,* *,,,,,,* * *,* ###,*
*,***,,*** *,* *,* *,*
*,,,,, *,* *******,*****,*
**,,,,


You could see a kobold.

Vanquished Creatures
  A frilled lizard (D:3)
1 creature vanquished.

Notes
Turn   | Place    | Note
-------+----------+-------------------------------------------
     0 | D:5      | comborobin the Hill Orc Delver began the quest for the Orb.
     0 | D:5      | Reached XP level 1. HP: 19/19 MP: 1/1
     4 | D:5      | Noticed a necrophage
    15 | D:4      | Found Yczujoir's Assorted Antiques.
    16 | D:4      | Noticed a scorpion
    83 | D:3      | Slain by a kobold

Illustrated notes

Levels and vault maps discovered:
D:3:      layout_loops_ring, serial_glass, glass_columns_a, glass_columns_a,
          glass_columns_a, uniq_natasha, uniq_terence
D:4:      layout_rooms, makhleb_blood_cavern_becter, lemuel_temple_firewalk_b,
          serial_shops, shop, hangedman_decor_lopped, minmay_misc_feat_hallway,
          chequers_serial_rivers_micro_e, uniq_duvessa
D:5:      layout_cave_pools, lemuel_coloured_pillars_altar,
          gammafunk_temple_overflow_forgotten, trog_three_pillars_becter,
          uniq_grinder

Action                   || total
-------------------------++-------
Melee: Hand axe          ||    11
  Use: Scroll            ||     1
       Potion            ||     1
Armor: Leather armour    ||     3
Dodge: Dodged            ||     8
